 Dungeon Crawl Stone Soup version 0.31-a0-313-g785cd24033 (webtiles) character file.

Game seed: 7085384606979782730

1047 AdnanSaban the Cudgeller (level 8, -4/50 HPs)
             Began as a Gargoyle Fighter on July 17, 2023.
             Was an Initiate of Okawaru.
             Killed from afar by an oklob sapling (12 damage)
             ... with a splash of acid
             ... on level 4 of the Dungeon.
             The game lasted 00:09:17 (4375 turns).

AdnanSaban the Cudgeller (Gargoyle Fighter)         Turns: 4375, Time: 00:09:17

Health: -4/50      AC: 19    Str: 22    XL:     8   Next: 25%
Magic:  0/8        EV:  9    Int:  9    God:    Okawaru [......]
Gold:   221        SH:  4    Dex:  9    Spells: 7/7 levels left

rFire   . . .        a - +0 flail
rCold   + + +        c - +0 buckler
rNeg    + . .        k - +0 ice dragon scales
rPois   ∞            y - +0 helmet
rElec   +            r - +0 cloak
rCorr   .            (no gloves)
SInv    .            (no boots)
Will    .....        q - amulet of guardian spirit Stlth
                     p - ring of protection from cold
HPRegen 0.28/turn    s - ring of protection from fire
MPRegen 0.11/turn

%: guardian spirit
@: no status effects
A: sickness immunity, AC +5, negative energy resistance 1, electricity
resistance, torment resistance 1, petrification resistance
a: Renounce Religion


You were on level 4 of the Dungeon.
You worshipped Okawaru.
Okawaru was noncommittal.
You visited 2 branches of the dungeon, and saw 6 of its levels.
You also visited: Ossuary.

You collected 221 gold pieces.

Inventory:

Hand Weapons
 a - a +0 flail (weapon)
Armour
 b - a +0 scale mail
 c - a +0 buckler (worn)
 k - +0 ice dragon scales (worn)
 r - a +0 cloak (worn)
 t - a scarf of harm
 y - a +0 helmet (worn)
Jewellery
 p - a ring of protection from cold (left hand)
 q - an amulet of guardian spirit (around neck)
 s - a ring of protection from fire (right hand)
Wands
 B - a wand of polymorph (11)
Scrolls
 f - 4 scrolls of teleportation {unknown}
 h - a scroll of amnesia {unknown}
 i - 2 scrolls of brand weapon {unknown}
 l - 2 scrolls of fear {unknown}
 n - 5 scrolls of enchant armour {unknown}
 o - 3 scrolls of poison {unknown}
 u - a scroll of torment {unknown}
 v - a scroll of blinking {unknown}
 w - a scroll of immolation {unknown}
 A - a scroll of vulnerability {unknown}
Potions
 d - 2 potions of might
 e - a potion of attraction {unknown}
 g - 3 potions of mutation {unknown}
 j - 2 potions of degeneration {unknown}
 m - 2 potions of curing {unknown}
 x - a potion of resistance {unknown}
 z - 3 potions of brilliance {unknown}


   Skills:
 + Level 5.4 Fighting
 + Level 7.0 Maces & Flails
 + Level 5.5 Armour
 + Level 4.8 Shields


You had 7 spell levels left.
You didn't know any spells.
Your spell library contained the following spells:

 Spells                   Type           Power      Damage    Failure   Level
 Freeze                   Ice            0%         1d3       82%         1
 Frozen Ramparts          Ice            0%         1d1       99%         3
 Hailstorm                Conj/Ice       0%         3d3       99%         3
 Inner Flame              Hex/Fire       0%         N/A       99%         3
 Flame Wave               Conj/Fire      0%         2d4       100%        4
 Passage of Golubria      Tloc           0%         N/A       100%        4
 Sticky Flame             Conj/Fire      0%         2d3       100%        4
 Yara's Violent Unravell  Hex/Tmut       0%         3d3       100%        5
 Enfeeble                 Hex            0%         N/A       100%        7
 Tukima's Dance           Hex            Unusable   N/A       N/A         3
 Summon Forest            Summ/Tloc      Unusable   N/A       N/A         5
 Summon Mana Viper        Hex/Summ       Unusable   N/A       N/A         5
 Summon Cactus Giant      Summ           Unusable   N/A       N/A         6

Dungeon Overview and Level Annotations

Branches:
Dungeon (5/15)             Temple (1/1) D:4         Ossuary (visited)

Altars:
Ashenzari
Dithmenos
Fedhas
Gozag
Hepliaklqana
Kikubaaqudgha
Makhleb
Okawaru
Qazlal
Ru
Sif Muna
Trog
Vehumet
Wu Jian
Xom
Zin
The Shining One

Annotations:
D:4 exclusion: oklob sapling
Temple Grinder


Innate Abilities, Weirdness & Mutations

You are immune to sickness and miasma.
Your stone body is resilient. (AC +5)
You are immune to poison.
You resist negative energy. (rN+)
You are resistant to electric shocks. (rElec)
You are resistant to unholy torment.
You are immune to petrification.


Message History

Grinder closely misses you.
You climb downwards.
Welcome back to the Ecumenical Temple!
There is a staircase back to the Dungeon here.
You closely miss Grinder. Grinder gestures at you.
You struggle to resist.
You closely miss Grinder. You block Grinder's attack.
You sock Grinder!
Grinder is lightly wounded.
You block Grinder's attack. Grinder barely misses you.
You barely miss Grinder.
Grinder is lightly wounded.
You block Grinder's attack.
You closely miss Grinder.
Grinder is lightly wounded.
Grinder hits you.
* * * LOW HITPOINT WARNING * * *
You writhe in agony.
* * * LOW HITPOINT WARNING * * *
You sock Grinder!
Grinder is moderately wounded.
Grinder gestures at you. You resist with some effort.
You hit Grinder but do no damage.
Grinder is moderately wounded.
Grinder hits you.
* * * LOW HITPOINT WARNING * * *
You hit Grinder.
Grinder is heavily wounded.
You are no longer corroded.
Grinder blinks!
This staircase leads to a travel-excluded area!
Enter next level anyway?
Grinder blinks!
You climb upwards.
Welcome back to the Dungeon!
Level annotation: exclusion: oklob sapling
There is a staircase to the Ecumenical Temple here.
The oklob sapling spits acid at you. The splash of acid hits you!
You die...

......# ......# .....##
### ##### #....#
...##...## #....#
.........# .....#
.........#### .....#
..........## #....#
#### #.>.#.#..# #....#
....##.P@.PP..# .....#
........P...P.# .....#
...........PP.# #....#
.........>PP.# #....#
........P....# .....#
...##....P..P#
.....#########........#
............'.....#####
............#.....#


You could see an oklob sapling.

Vanquished Creatures
  Pargi (D:3)
  A black bear (D:4)
  An ogre (D:3)
  A scorpion (D:3)
  4 centaur zombies (Ossuary)
  3 human zombies (Ossuary)
  An orc priest (D:4)
  2 gnoll boudas
  Natasha (twice) (D:2)
  An iguana (D:5)
  3 hound zombies (Ossuary)
  3 mummies (Ossuary)
  Robin (D:3)
  8 gnolls
  6 adders
  2 adder zombies (Ossuary)
  2 worms
  A dart slug (D:4)
  4 orcs (D:4)
  11 bats
  7 endoplasms
  2 gnoll zombies (Ossuary)
  11 goblins
  12 hobgoblins
  5 quokkas
  4 ball pythons
  2 frilled lizards (D:1)
  3 goblin zombies (Ossuary)
  8 hobgoblin zombies (Ossuary)
  2 jackal zombies (Ossuary)
  7 kobolds
  2 kobold zombies (Ossuary)
  An orc zombie (Ossuary)
  4 quokka zombies (Ossuary)
  3 rats
  A rat zombie (Ossuary)
132 creatures vanquished.

Notes
Turn   | Place    | Note
-------+----------+-------------------------------------------
     0 | D:1      | AdnanSaban the Gargoyle Fighter began the quest for the
                  | Orb.
     0 | D:1      | Reached XP level 1. HP: 14/14 MP: 1/1
   212 | D:1      | Reached XP level 2. HP: 19/19 MP: 2/2
   853 | D:2      | Reached XP level 3. HP: 23/23 MP: 3/3
   864 | D:2      | Noticed Natasha
   872 | D:2      | Killed Natasha
   873 | D:2      | Reached XP level 4. HP: 12/29 MP: 4/4
  1411 | D:2      | Noticed Natasha
  1417 | D:2      | Reached skill level 3 in Maces & Flails
  1443 | D:2      | Killed Natasha
  1582 | D:3      | Noticed an ogre
  1705 | D:3      | Reached XP level 5. HP: 33/33 MP: 5/5
  1782 | D:3      | Noticed Pargi
  1804 | D:3      | Killed Pargi
  1805 | D:3      | Reached skill level 4 in Maces & Flails
  1805 | D:3      | Reached XP level 6. HP: 26/39 MP: 2/6
  2145 | D:3      | HP: 1/39 [ogre/+0 giant spiked club (8)]
  2571 | D:5      | Entered Level 5 of the Dungeon
  2723 | D:4      | Reached skill level 5 in Maces & Flails
  2815 | D:4      | Noticed Grinder
  2969 | D:5      | Reached XP level 7. HP: 29/44 MP: 5/7
  3057 | D:4      | Found a sand-covered staircase.
  3071 | D:4      | Noticed Robin
  3075 | Ossuary  | Entered an ossuary
  3203 | Ossuary  | Reached skill level 5 in Armour
  3360 | Ossuary  | Reached skill level 6 in Maces & Flails
  3386 | Ossuary  | Reached skill level 5 in Fighting
  3742 | D:3      | Reached XP level 8. HP: 31/49 MP: 6/8
  3744 | D:3      | Killed Robin
  4069 | D:4      | Reached skill level 7 in Maces & Flails
  4166 | D:4      | Found a staircase to the Ecumenical Temple.
  4184 | Temple   | Entered the Ecumenical Temple
  4340 | Temple   | Became a worshipper of Warmaster Okawaru
  4375 | D:4      | Killed from afar by an oklob sapling

Illustrated notes

Levels and vault maps discovered:
D:1:      eino_arrival_cavern_e, layout_loops_corners
D:2:      layout_basic, uniq_natasha
D:3:      layout_basic, uniq_pargi
D:4:      black_bear_nest_2, layout_gridville, minmay_temple_entry_oklob,
          enter_ossuary_1, minmay_misc_feat_tower, dreamdust_mushroom_princess,
          uniq_grinder, uniq_robin
D:5:      layout_rooms, uniq_blork_the_orc, uniq_pikel
Temple:   nicolae_temple_bog_church

Skill      XL: |  1  2  3  4  5  6  7  8 |
---------------+-------------------------+-----
Maces & Flails | 3 4 5 6 7 |  7.0
Fighting       | 4 5 |  5.4
Armour         | 4 5 |  5.5
Shields        | 4 |  4.8

Action                     |  1- 3 |  4- 6 |  7- 9 || total
---------------------------+-------+-------+-------++-------
  Melee: Flail             |    77 |   262 |   323 ||   662
 Armour: Scale mail        |    38 |       |       ||    38
         Ice dragon scales |    13 |   261 |   246 ||   520
  Dodge: Dodged            |    52 |   180 |   173 ||   405
  Block: Buckler           |    24 |    70 |    84 ||   178

Table legend: (Time is in decaauts)
 A = Elapsed time spent in this place.
 B = Non-inter-level travel time spent in this place.
 C = Inter-level travel time spent in this place.
 D = Time resting spent in this place.
 E = Time spent auto-exploring this place.
 F = Levels seen in this place.
 G = Mean time per level.
                   A        B        C        D        E       F      G
               +--------+--------+--------+--------+--------+-----+--------+
         Total |   4501 |   4378 |    123 |    639 |   2263 |   7 |  643.0 |
       Dungeon |   3693 |   3587 |    106 |    317 |   2221 |   5 |  738.6 |
        Temple |    177 |    160 |     17 |    145 |      0 |   1 |  177.0 |
       Ossuary |    630 |    630 |      0 |    177 |     42 |   1 |  630.0 |
               +--------+--------+--------+--------+--------+-----+--------+

Top non-repeatable levels by time:
     D:3: 1006 daAuts
     D:1: 857 daAuts
     D:2: 802 daAuts
     D:4: 725 daAuts
 Ossuary: 630 daAuts
     D:5: 301 daAuts
  Temple: 177 daAuts
